 Dungeon Crawl Stone Soup version 0.28.0-53-g5a82cb258f (webtiles) character file.

Game seed: 14772493157506758069

139 issech the Chopper (level 5, -5/46 HPs)
             Began as a Minotaur Monk on June 9, 2022.
             Slain by a water moccasin (7 damage)
             ... on level 3 of the Dungeon.
             The game lasted 00:06:45 (2731 turns).

issech the Chopper (Minotaur Monk)                  Turns: 2731, Time: 00:06:45

Health: -5/46      AC:  9    Str: 15    XL:     5   Next: 1%
Magic:  4/4        EV:  8    Int:  7    God:
Gold:   97         SH:  0    Dex: 15    Spells: 4/4 levels left

rFire   . . .      SeeInvis .   a - +0 hand axe
rCold   . . .      Faith    .   (no shield)
rNeg    . . .      Spirit   .   s - +0 chain mail
rPois   .          Reflect  .   (helmet restricted)
rElec   .          Harm     .   (no cloak)
rCorr   .          Rampage  .   (no gloves)
Will    .....                   (no boots)
Stlth   ..........              l - amulet of regeneration
HPRegen 0.95/turn               (no ring)
MPRegen 0.09/turn               (no ring)

@: lethally poisoned (-5 -> -17)
A: horns 2, retaliatory headbutt
a: no special abilities


You were on level 3 of the Dungeon.
You visited 1 branch of the dungeon, and saw 3 of its levels.

You collected 97 gold pieces.

Inventory:

Hand Weapons
 a - a +0 hand axe (weapon)
Missiles
 f - 102 stones (quivered)
 g - 41 arrows
 k - 2 throwing nets
 q - 5 poisoned darts
Armour
 b - a +0 robe
 d - a +0 leather armour
 s - a +0 chain mail (worn)
Jewellery
 l - an amulet of regeneration (around neck)
 m - an amulet of the acrobat
Scrolls
 c - 3 scrolls of enchant armour {unknown}
 h - 2 scrolls of identify {unknown}
 n - a scroll of holy word {unknown}
 p - a scroll of immolation {unknown}
 r - 3 scrolls of fear {unknown}
Potions
 e - 3 potions of ambrosia {unknown}
 i - a potion of haste {unknown}
 j - 3 potions of curing {unknown}
 o - a potion of attraction {unknown}


   Skills:
 + Level 4.2 Fighting
 + Level 4.7 Axes
 + Level 3.0 Armour
 + Level 4.0 Dodging
 + Level 2.0 Stealth


You had 4 spell levels left.
You didn't know any spells.
Your spell library contained the following spells:

 Spells                   Type           Power      Damage    Failure   Level
 Conjure Flame            Conj/Fire      0%         6-21      100%        3
 Ignite Poison            Fire/Tmut/Pois 0%         N/A       100%        3
 Mephitic Cloud           Conj/Pois/Air  0%         N/A       100%        3
 Tukima's Dance           Hex            0%         N/A       100%        3
 Passage of Golubria      Tloc           0%         N/A       100%        4
 Sticky Flame             Conj/Fire      0%         2d3       100%        4
 Freezing Cloud           Conj/Ice/Air   0%         6-21      100%        5
 Yara's Violent Unravell  Hex/Tmut       0%         3d3       100%        5


Dungeon Overview and Level Annotations

Branches:
Dungeon (3/15)

Altars:


Innate Abilities, Weirdness & Mutations

You have a pair of horns on your head.
You reflexively headbutt those who attack you in melee.


Message History

The water moccasin completely misses you.
You furiously retaliate!
You headbutt the water moccasin. You barely miss the water moccasin.
Your headbutt misses the water moccasin.
The water moccasin is lightly wounded.
The water moccasin bites you!
You are poisoned.
The water moccasin poisons you!
You hit the water moccasin.
The water moccasin is lightly wounded.
You feel very sick. The water moccasin bites you.
The water moccasin completely misses you.
You feel sick.
You feel sick.
You miss the water moccasin.
The water moccasin is lightly wounded.
You feel sick. The water moccasin bites you.
The water moccasin barely misses you.
You hit the water moccasin.
Your headbutt misses the water moccasin.
The water moccasin is moderately wounded.
You feel sick. The water moccasin bites you.
You feel sick. The water moccasin barely misses you.
You feel sick.
You feel sick. The water moccasin bites you.
* * * LOW HITPOINT WARNING * * *
You are more poisoned.
The water moccasin poisons you!
* * * LOW HITPOINT WARNING * * *
You feel very sick.
You hit the water moccasin.
Your headbutt misses the water moccasin.
The water moccasin is heavily wounded.
You feel very sick. The water moccasin bites you.
* * * LOW HITPOINT WARNING * * *
You are more poisoned.
The water moccasin poisons you! The water moccasin bites you!
You die...

....#.# ...###+# #. #....#
....#.# ............ #....#
....#.# #....... #.# #....#
....#.# #...... #..###....#
....#.# #.....# #.#......#
....#.# ####.....# #.......##
.)..#.# #........######.....)##
...<#.#####......................
#...#.#....†....@S.#...##......#.
'...'.#.....##.....#...###.....#.
#...#.'.....'......'...+.........
#...###†....########...####.####.
#...# #.....# #...# #.## #. #####
####### #...# #..# #. #...#####.#
#. ####......#### #.......# #


You could see a water moccasin.

Vanquished Creatures
  An iguana (D:2)
  Natasha (D:3)
  3 adders
  A worm (D:2)
  A dart slug (D:2)
  3 orcs
  3 endoplasms
  2 giant cockroaches
  4 goblins
  4 hobgoblins
  7 jackals
  4 kobolds
  2 quokkas
  5 ball pythons
  3 bats (D:3)
  A frilled lizard (D:1)
  4 rats
49 creatures vanquished.

Vanquished Creatures (others)
  2 withered plants (D:3)
2 creatures vanquished.

Grand Total: 51 creatures vanquished

Notes
Turn   | Place    | Note
-------+----------+-------------------------------------------
     0 | D:1      | issech the Minotaur Monk began the quest for the Orb.
     0 | D:1      | Reached XP level 1. HP: 19/19 MP: 0/0
   329 | D:1      | Reached XP level 2. HP: 22/27 MP: 1/1
  1545 | D:2      | Reached skill level 1 in Armour
  1545 | D:2      | Reached XP level 3. HP: 32/33 MP: 2/2
  2201 | D:3      | Reached XP level 4. HP: 40/40 MP: 3/3
  2444 | D:3      | Noticed Natasha
  2451 | D:3      | Killed Natasha
  2482 | D:3      | Found a faded altar of an unknown god.
  2698 | D:3      | Reached XP level 5. HP: 46/46 MP: 4/4
  2717 | D:3      | Noticed a water moccasin
  2731 | D:3      | HP: 2/46 [water moccasin (4)]
  2731 | D:3      | Slain by a water moccasin

Illustrated notes

Levels and vault maps discovered:
D:1:      heliophobic_arrival_ceremonial_halls, layout_loops_corners,
          dk_noncrumbling_4, minmay_fountain_box
D:2:      layout_loops_ring, lemuel_flame_loot_1
D:3:      layout_basic, ebering_ecumenical_altar_petrified, uniq_natasha

Skill      XL: |  1  2  3  4 |
---------------+-------------+-----
Axes           | 4 |  4.7
Armour         | 1 3 |  3.0
Fighting       | 4 |  4.2
Stealth        | 2 |  2.0
Dodging        | 4 |  4.0

Action                   |  1- 3 |  4- 6 || total
-------------------------+-------+-------++-------
Melee: Hand axe          |    80 |    55 ||   135
       Headbutt          |    14 |    11 ||    25
Throw: Stone             |       |     1 ||     1
 Stab: Sleeping          |     2 |       ||     2
Armor: Leather armour    |    21 |       ||    21
       Chain mail        |       |    27 ||    27
Dodge: Dodged            |    47 |    28 ||    75
